cohdb
Replays
Latest Replays
All Replays
Popular Replays
Top Player Replays
Match Explorer
How It Works
Community
CoH3 Stats
Reddit
Sign in to upload your games and track your stats! →
Sign in with Steam
Match 46211964
Unlisted
Match 46211964
Overview
Messages
Build Orders
End
Construct Barracks
Selects Armored Battlegroup
Selects Veteran Crews
Riflemen Squad
1⁄4-ton 4x4 Truck
Riflemen Squad
Riflemen Squad
Construct Medical Station
Infantry Support Center
Advanced Logistics
Grenade Package
Riflemen Squad
Engineer Squad
Riflemen Squad
Selects M31 Recovery Vehicle
M31 Recovery Vehicle
DrinkIIScotch
nub
[82AD] Janko
DebaKLeTV
Konrad Curze
CPU - Easy
0
0
Comments
sign in to comment!
No comments posted yet!